 Dungeon Crawl Stone Soup version 0.31-a0-1202-ga8fea8b373 (webtiles) character file.

Game seed: 5053256626419795651

42 Inarius the Trooper (level 3, -5/29 HPs)
             Began as a Mummy Fighter on Dec 12, 2023.
             Killed from afar by Jessica (7 damage)
             ... with a puff of flame
             ... on level 2 of the Dungeon.
             The game lasted 00:01:11 (1005 turns).

Inarius the Trooper (Mummy Fighter)                 Turns: 1005, Time: 00:01:11

Health: -5/29      AC:  6    Str: 21    XL:     3   Next: 35%
Magic:  12/12      EV:  9    Int:  7    God:
Gold:   82         SH:  4    Dex: 11    Spells: 2/2 levels left

rFire   x . .        a - +0 war axe
rCold   + . .        c - +0 buckler
rNeg    + + +        b - +0 scale mail
rPois   ∞            (no helmet)
rElec   .            (no cloak)
rCorr   +            (no gloves)
SInv    .            (no boots)
Will    .....        (no amulet) Stlth
                     d - ring of resist corrosion
HPRegen 0.24/turn    h - ring of magical power
MPRegen 0.13/turn

%: faith
@: no status effects
A: cold resistance 1, negative energy resistance 3, torment resistance 2, heat
vulnerability 1, in touch with death 1, no potions, faith
a: no special abilities


You were on level 2 of the Dungeon.
You visited 1 branch of the dungeon, and saw 2 of its levels.

You collected 82 gold pieces.

Inventory:

Hand Weapons
 a - a +0 war axe (weapon)
Armour
 b - a +0 scale mail (worn)
 c - a +0 buckler (worn)
Jewellery
 d - a ring of resist corrosion (left hand)
 h - a ring of magical power (right hand)
 i - a +6 ring of strength
Scrolls
 e - a scroll of fog {unknown}
 f - 2 scrolls of poison {unknown}
 g - 2 scrolls of identify {unknown}


   Skills:
 * Level 3.5 Fighting
 + Level 2.1 Axes
 + Level 2.9 Armour
 + Level 2.5 Shields


You had 2 spell levels left.
You didn't know any spells.
Your spell library was empty.

Dungeon Overview and Level Annotations

Branches:
Dungeon (2/15)

Altars:
Makhleb

Annotations:
D:2 Jessica


Innate Abilities, Weirdness & Mutations

You are immune to poison.
Your flesh is cold resistant. (rC+)
You are immune to negative energy. (rN+++)
You are immune to unholy pain and torment.
You are vulnerable to heat. (rF-)
You are in touch with the powers of death.
You do not drink.
You have a special connection with the divine. (Faith)


Message History

You block the ball python's attack. The ball python barely misses you.
You slash the ball python!
You kill the ball python!
Jessica casts a spell at you.
You feel yourself slow down.
Jessica zaps a wand.
The puff of flame hits you! The fire burns you terribly!
Ouch! That really hurt!
Jessica hits you but does no damage.
Jessica gestures wildly while chanting.
Jessica blinks!
Jessica casts a spell.
Jessica blinks!
Jessica zaps a wand.
The puff of flame misses you.
Jessica mumbles some strange words.
Jessica blinks!
You hit Jessica.
Jessica is moderately wounded.
You feel yourself speed up. Jessica hits you with a +0 club.
Jessica looks very angry.
Jessica barely misses you. You block Jessica's attack.
You hit Jessica but do no damage.
Jessica is moderately wounded.
Jessica mumbles some strange words.
Jessica blinks!
You aren't carrying any items that you can evoke.
Unknown command.
Unknown command.
Jessica zaps a wand.
The puff of flame hits you. The fire burns you terribly!
* * * LOW HITPOINT WARNING * * *
You block Jessica's attack.
You closely miss Jessica.
Jessica is moderately wounded.
Jessica hits you with a +0 club.
* * * LOW HITPOINT WARNING * * *
You block Jessica's attack.
You barely miss Jessica.
Jessica is moderately wounded.
Jessica zaps a wand.
The puff of flame hits you! The fire burns you terribly!
You die...

...# ...# #. ..#
...####.# .#.
..>.#....#
.#.##.........##
...............#
##.#...........# ###
...............####.#
##.##..........@@...#
#..# #...#.....######
...####......###
...........#.##
..............#
..............##
................#
........†.....#.#
...##.....#...#.#


You could see Jessica (fast).

Vanquished Creatures
  2 adders (D:2)
  A dart slug (D:2)
  4 endoplasms
  A giant cockroach (D:1)
  2 goblins
  A quokka (D:1)
  6 ball pythons
  2 bats (D:1)
  A frilled lizard (D:1)
  2 kobolds (D:1)
  A rat (D:1)
23 creatures vanquished.

Notes
Turn   | Place    | Note
-------+----------+-------------------------------------------
     0 | D:1      | Inarius the Mummy Fighter began the quest for the Orb.
     0 | D:1      | Reached XP level 1. HP: 18/18 MP: 1/1
   356 | D:1      | Reached XP level 2. HP: 24/24 MP: 2/2
   941 | D:2      | Found a burning altar of Makhleb.
   972 | D:2      | Noticed Jessica
   975 | D:2      | Reached XP level 3. HP: 29/29 MP: 3/3
  1005 | D:2      | Killed from afar by Jessica

Illustrated notes

Levels and vault maps discovered:
D:1:      dpeg_arrival_short_road, layout_basic
D:2:      layout_rooms, basic_altar, chequers_serial_rivers_small_b,
          uniq_jessica

Skill      XL: |  1  2 |
---------------+-------+-----
Axes           | 2 |  2.1
Fighting       | |  3.5
Armour         | |  2.9
Shields        | |  2.5

Action                     || total
---------------------------++-------
  Melee: War axe           ||    78
 Armour: Scale mail        ||    60
  Dodge: Dodged            ||    42
  Block: Buckler           ||    17

Table legend: (Time is in decaauts)
 A = Elapsed time spent in this place.
 B = Non-inter-level travel time spent in this place.
 C = Inter-level travel time spent in this place.
 D = Time resting spent in this place.
 E = Time spent auto-exploring this place.
 F = Levels seen in this place.
 G = Mean time per level.
                   A        B        C        D        E       F      G
               +--------+--------+--------+--------+--------+-----+--------+
         Total |   1044 |   1022 |     22 |      0 |    790 |   2 |  522.0 |
       Dungeon |   1044 |   1022 |     22 |      0 |    790 |   2 |  522.0 |
               +--------+--------+--------+--------+--------+-----+--------+

Top non-repeatable levels by time:
     D:1: 850 daAuts
     D:2: 194 daAuts
